 Dungeon Crawl Stone Soup version 0.27-a0-67-g4bfc8a49e1 (webtiles) character file.

Game seed: 13630732341170157393

42 roguesci the Insei (level 3, 0/18 HPs)
             Began as a Vine Stalker Transmuter on Jan 9, 2021.
             Succumbed to an adder's poison
             ... on level 2 of the Dungeon.
             The game lasted 00:05:45 (1613 turns).

roguesci the Insei (Vine Stalker Transmuter)        Turns: 1613, Time: 00:05:46

Health: 0/18       AC:  2    Str: 10 (12) XL:     3   Next: 56%
Magic:  4/8        EV: 19    Int: 11 (14) God:
Gold:   62         SH:  0    Dex: 16 (19) Spells: 3/7 levels left

rFire    . . .     SeeInvis .     - Unarmed
rCold    . . .     Faith    .   (shield currently unavailable)
rNeg     . . .     Spirit   +   (armour currently unavailable)
rPois    x         Reflect  .   (helmet currently unavailable)
rElec    .         Harm     .   (cloak currently unavailable)
rCorr    .         Rampage  .   (gloves currently unavailable)
Will     .....                  (boots currently unavailable)
Stlth    ++........             (no amulet)
HPRegen  0.06/turn              (no ring)
MPRegen  0.11/turn              (no ring)

@: lethally poisoned (0 -> -19), spider-form (expiring), flying, very slightly
contaminated, invisible
A: tiny, magic shield, no potion heal 3
a: End Transformation


You were on level 2 of the Dungeon.
You were a venomous arachnid creature.
You visited 1 branch of the dungeon, and saw 2 of its levels.

You collected 62 gold pieces.

Inventory:

Missiles
 c - 42 stones
Armour
 a - a +0 robe (melded)
 i - a +1 chain mail of positive energy
 j - a cursed +0 ring mail
Scrolls
 d - a scroll of teleportation {unknown}
 h - 2 scrolls of remove curse {unknown}
 k - a scroll of identify {unknown}
 l - a scroll of fear {unknown}
Potions
 f - a potion of might {unknown}
 g - 2 potions of degeneration


   Skills:
 * Level 1.4 Fighting
 + Level 1.8 Dodging
 + Level 1.2 Stealth
 + Level 3.1 Unarmed Combat
 * Level 2.9 Spellcasting
 + Level 2.1 Transmutations
 + Level 0.5 Poison Magic


You had 3 spell levels left.
You knew the following spells:

 Your Spells              Type           Power        Failure   Level
a - Beastly Appendage     Tmut           12%          26%         1
b - Spider Form           Tmut/Pois      2%           65%         3

Your spell library contained the following spells:

 Spells                   Type           Power        Failure   Level
 Wereblood                Tmut           6%           36%         2
 Ice Form                 Ice/Tmut       3%           95%         4
 Blade Hands              Tmut           3%           99%         5


Dungeon Overview and Level Annotations

Branches:
Dungeon (2/15)

Altars:


Innate Abilities, Weirdness & Mutations

((You have extremely sharp teeth.))
When hurt, damage is shared between your health and your magic reserves.
((Your bite disrupts and absorbs the magic of your enemies.))
Potions cannot restore your health.


Message History

You barely miss the adder.
You feel sick. The adder closely misses you.
You barely miss the adder.
Your transformation is almost over.
* * * LOW HITPOINT WARNING * * *
You feel sick. The rat completely misses you. The adder misses you.
It was a potion of flight.
You feel very buoyant.
You fly up into the air.
* * * LOW HITPOINT WARNING * * *
You feel sick. The adder barely misses you. The rat closely misses you.
The adder closely misses you.
It was a potion of invisibility.
You fade into invisibility!
* * * LOW HITPOINT WARNING * * *
You feel sick. The rat barely misses you. The adder barely misses you.
You are very lightly contaminated with residual magic.
It was a potion of degeneration.
There was something very wrong with that liquid.
You feel weakened.
You feel dopey.
You feel clumsy.
You die...

########
##......##
##........##
#.........(#
#.........(#
#..........#
#.......S..#
#.......s..#
#.....r)†##
#......w.#
...<.......#
...........#
.............
...).l........
(..............
...............


You could see a worm, an adder, a frilled lizard (wandering) and a rat.

Vanquished Creatures
  An ooze (D:1)
  A dart slug (D:1)
  A leopard gecko (D:2)
  7 goblins
  6 hobgoblins
  6 kobolds (D:1)
  4 bats
  3 frilled lizards (D:1)
  2 rats (D:1)
31 creatures vanquished.

Notes
Turn   | Place    | Note
-------+----------+-------------------------------------------
     0 | D:1      | roguesci the Vine Stalker Transmuter began the quest for
                  | the Orb.
     0 | D:1      | Reached XP level 1. HP: 9/9 MP: 4/4
    37 | D:1      | Reached skill level 1 in Fighting
   398 | D:1      | Reached XP level 2. HP: 14/14 MP: 4/6
   498 | D:1      | Reached skill level 1 in Stealth
   743 | D:1      | Reached XP level 3. HP: 18/18 MP: 7/7
   747 | D:1      | Learned a level 3 spell: Spider Form
  1613 | D:2      | Succumbed to an adder's poison

Illustrated notes

Levels and vault maps discovered:
D:1:      dpeg_arrival_round_c, layout_basic
D:2:      layout_rooms

Skill      XL: |  1  2 |
---------------+-------+-----
Fighting       | 1 |  1.4
Stealth        | 1 |  1.2
Dodging        | |  1.8
Unarmed Combat | |  3.1
Spellcasting   | |  2.9
Transmutations | |  2.1
Poison Magic   | |  0.5

Action                   || total
-------------------------++-------
Melee: Unarmed           ||   103
       Bite              ||    18
       Kick              ||     6
       Headbutt          ||     3
 Cast: Beastly Appendage ||     9
       Spider Form       ||     2
  Use: Potion            ||     3
 Stab: Sleeping          ||     2
Armor: Robe              ||    10
       Skin              ||     2
Dodge: Dodged            ||    95

Table legend: (Time is in decaauts)
 A = Elapsed time spent in this place.
 B = Non-inter-level travel time spent in this place.
 C = Inter-level travel time spent in this place.
 D = Time resting spent in this place.
 E = Time spent auto-exploring this place.
 F = Levels seen in this place.
 G = Mean time per level.
                   A        B        C        D        E       F      G
               +--------+--------+--------+--------+--------+-----+--------+
         Total |   1608 |   1587 |     21 |    467 |    842 |   2 |  804.0 |
       Dungeon |   1608 |   1587 |     21 |    467 |    842 |   2 |  804.0 |
               +--------+--------+--------+--------+--------+-----+--------+

Top non-repeatable levels by time:
     D:1: 1581 daAuts
     D:2: 26 daAuts
